 Dungeon Crawl Stone Soup version 0.21.1-1-g345015f (webtiles) character file.

12 inc the Magician (level 2, -4/11 HPs)
             Began as a Felid Wizard on Feb 28, 2018.
             Slain by a kobold
             ... wielding a cursed +0 short sword
              (6 damage)
             ... on level 1 of the Dungeon.
             The game lasted 00:00:58 (498 turns).

inc the Magician (Felid Wizard)                      Turns: 498, Time: 00:00:59

Health: -4/11      AC:  1    Str:  3    XL:     2   Next: 20%
Magic:  1/7        EV: 17    Int: 19    God:
Gold:   38         SH:  0    Dex: 14    Spells: 7/8 levels left
                                        Lives:  0   Deaths: 0

rFire    . . .     SeeInvis +   (weapon unavailable)
rCold    . . .     Gourm    .   (shield unavailable)
rNeg     . . .     Faith    .   (armour unavailable)
rPois    .         Spirit   .   (helmet unavailable)
rElec    .         Reflect  .   (cloak unavailable)
rCorr    .         Harm     .   (gloves unavailable)
MR       .....                  (boots unavailable)
Stlth    +++.......             (no amulet)
HPRegen  0.03/turn              (no ring)
MPRegen  0.10/turn              (no ring)

@: very slightly contaminated, hasted, invisible, very quick
A: very small, no armour, no weapons or thrown items, stealth, claws 1, fangs 3,
see invisible, carnivore, speed 1, shaggy fur 1, slow metabolism 1, sharp paws
a: no special abilities


You were on level 1 of the Dungeon.
You were not hungry.

You visited 1 branch of the dungeon, and saw 1 of its levels.

You collected 38 gold pieces.

Inventory:

Scrolls
 c - a scroll of remove curse {unknown}
 d - 2 scrolls of blinking {unknown}
 e - a scroll of immolation {unknown}
 f - a scroll of magic mapping {unknown}
Potions
 h - a potion of invisibility
Books
 a - a book of Minor Magic

   Spells                             Type                      Level
   a - Magic Dart                     Conjuration                  1
   b - Blink                          Translocation                2
   c - Call Imp                       Summoning                    2
   d - Slow                           Hexes                        2
   e - Conjure Flame                  Conjuration/Fire             3
   f - Mephitic Cloud                 Conjuration/Poison/Air       3
Comestibles
 b - 2 rations


   Skills:
 + Level 2.6 Dodging
 + Level 2.9 Stealth
 + Level 3.5 Spellcasting
 + Level 1.0 Conjurations
   Level 1.0 Summonings
   Level 1.5 Translocations


You had 7 spell levels left.
You knew the following spells:

 Your Spells              Type           Power        Failure   Level  Hunger
a - Magic Dart            Conj           #...         10%         1    None


Dungeon Overview and Level Annotations

Branches:
Dungeon (1/15)

Altars:


Innate Abilities, Weirdness & Mutations

You cannot wear armour.
You are incapable of wielding weapons or throwing items.
Your paws allow you to move quietly. (Stealth)
You have sharp claws.
You have razor-sharp teeth.
You have supernaturally acute eyesight. (SInv)
You are carnivorous and can eat meat at any time.
You cover ground quickly.
You are covered in fur. (AC +1)
You have a slow metabolism.
Your sharp claws are effective at attacking unaware monsters.


Message History

You scratch the kobold.
The kobold is moderately wounded.
The kobold hits you with a short sword.
* * * LOW HITPOINT WARNING * * *
You scratch the kobold but do no damage.
The kobold is moderately wounded.
The kobold misses you.
It was a potion of invisibility.
You fade into invisibility!
The kobold closely misses you.
It was a potion of haste.
You feel yourself speed up. The kobold barely misses you.
You scratch the kobold.
The kobold is severely wounded.
The kobold misses you.
You closely miss the kobold.
The kobold is severely wounded.
The kobold hits you with a short sword.
Ouch! That really hurt!
You die...

♣♣♣♣ ######### .P...############
#.......# ♣....g.......#
#.......# ♣###.###.###.#
#.......#
########.###.###.#######.......#
g.JK.g...#.....#(....#.........#
.lg#######.###J#####.#.#.......#
... #.# #lK.# #...#...>...# .K.
#.# ###@# #####.......#


.lg #.# #.# #.##...## ... #.# ##### #.##.#.# ... ### #...# #.##.#.# ... #
###.### #.##.... #. #.....# #.#####.# #.# ###.###.#.#.# .. ...#...# #.#.#.### .#
#.#.#.###.#.#...# You could see an ooze, a leopard gecko and a kobold.

Vanquished Creatures
  A bat (D:1)
  2 giant cockroaches (D:1)
  3 goblins (D:1)
  2 hobgoblins (D:1)
  A frilled lizard (D:1)
  A kobold (D:1)
  A rat (D:1)
11 creatures vanquished.

Notes
Turn   | Place    | Note
-------+----------+-------------------------------------------
     0 | D:1      | inc the Felid Wizard began the quest for the Orb.
     0 | D:1      | Reached XP level 1. HP: 7/7 MP: 5/5
   386 | D:1      | Reached XP level 2. HP: 11/11 MP: 2/7
   491 | D:1      | Reached skill level 1 in Conjurations
   498 | D:1      | Slain by a kobold

Skill      XL: |  1  2 |
---------------+-------+-----
Conjurations   | 1 |  1.0
Dodging        | |  2.6
Stealth        | |  2.9
Spellcasting   | |  3.5
Summonings     | |  1.0
Translocations | |  1.5

Action                   || total
-------------------------++-------
Melee: Unarmed           ||    25
       Bite              ||     1
 Cast: Magic Dart        ||    22
  Use: Potion            ||     2
Dodge: Dodged            ||    24
